 Dungeon Crawl Stone Soup version 0.22.1-2-g9c5b331 (webtiles) character file.

345 Lui the Chopper (level 6, -11/48 HPs)
             Began as a Demonspawn Chaos Knight on Dec 28, 2018.
             Killed by divine providence
             ... invoked by an orc priest
              (15 damage)
             ... on level 4 of the Dungeon.
             The game lasted 00:24:56 (2367 turns).

Lui the Chopper (Demonspawn Chaos Knight)           Turns: 2367, Time: 00:24:56

Health: -11/48     AC: 15    Str: 15 (16) XL:     6   Next: 32%
Magic:  6/6        EV:  4    Int: 11 (13) God:    Xom [..*...]
Gold:   204        SH:  0    Dex: 11 (13) Spells: 5/5 levels left

rFire    . . .     SeeInvis .   a - +1 hand axe (chaos)
rCold    + . .     Gourm    .   (no shield)
rNeg     . . .     Faith    .   g - +0 plate armour
rPois    .         Spirit   .   b - +0 helmet
rElec    .         Reflect  .   (no cloak)
rCorr    .         Harm     .   j - +0 pair of gloves
MR       .....                  (no boots)
Stlth    ..........             (no amulet)
HPRegen  0.16/turn              c - +2 ring of strength
MPRegen  0.10/turn              f - ring of protection from cold

@: about to teleport, flying
A: claws 1, icy blue scales 1, nightstalker 1, rot immunity
a: Renounce Religion


You were on level 4 of the Dungeon.
You worshipped Xom.
You were a toy of Xom.
You were not hungry.

You visited 1 branch of the dungeon, and saw 4 of its levels.

You collected 204 gold pieces.

Inventory:

Hand Weapons
 a - a +1 hand axe of chaos (weapon)
 h - a +0 great sword
Armour
 b - a +0 helmet (worn)
 g - a +0 plate armour (worn)
 j - a +0 pair of gloves (worn)
Jewellery
 c - a +2 ring of strength (left hand)
 f - a ring of protection from cold (right hand)
 n - an uncursed ring of positive energy
Scrolls
 d - 2 scrolls of identify
Potions
 e - a potion of magic
 i - a potion of lignification
 k - a potion of invisibility
Comestibles
 o - a ration


   Skills:
 + Level 4.0 Fighting
 + Level 4.8 Axes
 + Level 2.6 Armour
 + Level 1.9 Dodging
 + Level 2.2 Stealth


You had 5 spell levels left.
You didn't know any spells.
Your spell library was empty.

Dungeon Overview and Level Annotations

Branches:
Dungeon (4/15)
 Temple: D:4-7

Altars:
Ru


Innate Abilities, Weirdness & Mutations

You have sharp fingernails.
You are partially covered in icy blue scales. (AC +2)
You are slightly more attuned to the shadows.
You are immune to rotting.


Message History

The river rat is moderately wounded.
The orc priest invokes the aid of Beogh against you.
Beogh smites you! The river rat bites you.
It was a potion of flight.
You feel very buoyant.
You fly up into the air.
Xom roars with laughter!
The river rat bites you but does no damage.
The river rat barely misses you.
The orc priest mumbles some strange prayers to Beogh against you.
Beogh smites you!
* * * LOW HITPOINT WARNING * * *
As you read the scroll of teleportation, it crumbles to dust.
You feel strangely unstable.
The river rat bites you but does no damage.
The orc hits you but does no damage.
The orc priest mumbles some strange prayers to Beogh against you.
Beogh smites you!
You die...
Xom chuckles heartily!

# ##.....## ##.# #
#......####..# ##
#.......##...## .
.#####.............#####..
....#.....................
.............>............
..............†....or.....
.................ror......
................@r.rr.....
..........................
.................##.......
#.........................
#.........................
.............(............
......#............
###....#.........
###..............


You could see an orc priest, 3 river rats, an orc and 3 rats.

Vanquished Creatures
  Sigmund (D:2)
  A hound (D:4)
  A worker ant (D:4)
  3 gnolls (D:2)
  3 adders (D:2)
  2 oozes (D:1)
  A worm (D:2)
  2 dart slugs
  2 leopard geckos
  3 orcs (D:4)
  3 giant cockroaches
  9 goblins
  5 hobgoblins
  6 jackals
  5 kobolds
  2 quokkas (D:4)
  2 bats
  5 frilled lizards
  8 rats
64 creatures vanquished.

Notes
Turn   | Place    | Note
-------+----------+-------------------------------------------
     0 | D:1      | Lui the Demonspawn Chaos Knight began the quest for the
                  | Orb.
     0 | D:1      | Reached XP level 1. HP: 18/18 MP: 1/1
    45 | D:1      | Gained mutation: You have sharp fingernails. [demonic
                  | ancestry]
    45 | D:1      | Reached XP level 2. HP: 17/24 MP: 2/2
    56 | D:1      | XOM: potion effect (curing)
   532 | D:1      | XOM: harmless Summ miscast
   732 | D:1      | Gained mutation: You are partially covered in icy blue
                  | scales. (AC +2) [demonic ancestry]
   732 | D:1      | Reached XP level 3. HP: 23/29 MP: 3/3
  1100 | D:1      | Reached skill level 1 in Dodging
  1259 | D:1      | XOM: harmless Erth miscast
  1432 | D:2      | Gained mutation: You are slightly more attuned to the
                  | shadows. [demonic ancestry]
  1432 | D:2      | Reached XP level 4. HP: 21/36 MP: 4/4
  1468 | D:2      | Found a sacrificial altar of Ru.
  1518 | D:2      | Noticed Sigmund
  1528 | D:2      | Killed Sigmund
  1528 | D:2      | Reached skill level 1 in Stealth
  1528 | D:2      | Reached XP level 5. HP: 33/42 MP: 5/5
  1550 | D:2      | XOM: harmless Necr miscast
  1614 | D:2      | XOM: harmless Fire miscast
  1695 | D:2      | Gained mutation: You are immune to rotting. [demonic
                  | ancestry]
  1695 | D:2      | Reached XP level 6. HP: 35/48 MP: 6/6
  1804 | D:2      | XOM: medium Ice miscast
  1987 | D:3      | XOM: mild Summ miscast
  2367 | D:4      | Killed from afar by an orc priest

Skill      XL: |  1  2  3  4  5  6 |
---------------+-------------------+-----
Axes           | 3 4 |  4.8
Armour         | 2 |  2.6
Dodging        | 1 |  1.9
Stealth        | 1 2 |  2.2
Fighting       | 4 |  4.0

Action                   |  1- 3 |  4- 6 || total
-------------------------+-------+-------++-------
Melee: Hand axe          |   104 |    96 ||   200
  Use: Potion            |     3 |     4 ||     7
       Scroll            |     5 |     4 ||     9
 Stab: Paralysed         |     1 |       ||     1
       Invisible         |     3 |       ||     3
       Sleeping          |     1 |     1 ||     2
  Eat: Ration            |     1 |     1 ||     2
Armor: Leather armour    |    30 |    13 ||    43
       Plate armour      |       |    58 ||    58
       Skin              |       |    10 ||    10
Dodge: Dodged            |    58 |    53 ||   111
